 Dungeon Crawl Stone Soup version 0.28.0 (webtiles) character file.

Game seed: 5592372261915809751

566 AmazingTV the Shield-Bearer (level 7, 0/61 HPs)
             Began as a Minotaur Fighter on June 28, 2022.
             Slain by a yak (7 damage)
             ... on level 5 of the Dungeon.
             The game lasted 00:07:29 (3125 turns).

AmazingTV the Shield-Bearer (Minotaur Fighter)      Turns: 3125, Time: 00:07:29

Health: 0/61       AC: 10    Str: 20    XL:     7   Next: 10%
Magic:  8/8        EV:  9    Int:  7    God:
Gold:   222        SH:  5    Dex: 10    Spells: 6/6 levels left

rFire   . . .      SeeInvis .   a - +0 war axe
rCold   . . .      Faith    .   c - +0 buckler
rNeg    . . .      Spirit   .   b - +0 scale mail
rPois   .          Reflect  .   (helmet restricted)
rElec   .          Harm     .   m - +2 cloak
rCorr   .          Rampage  .   (no gloves)
Will    .....                   (no boots)
Stlth   ..........              (no amulet)
HPRegen 0.20/turn               (no ring)
MPRegen 0.11/turn               (no ring)

@: flying
A: horns 2, retaliatory headbutt
a: no special abilities


You were on level 5 of the Dungeon.
You visited 1 branch of the dungeon, and saw 5 of its levels.

You collected 222 gold pieces.

Inventory:

Hand Weapons
 a - a +0 war axe (weapon)
Missiles
 o - 24 bolts
Armour
 b - a +0 scale mail (worn)
 c - a +0 buckler (worn)
 m - a +2 cloak (worn)
Scrolls
 e - a scroll of fog {unknown}
 f - a scroll of amnesia {unknown}
 h - a scroll of noise {unknown}
 i - a scroll of enchant weapon {unknown}
 j - a scroll of blinking {unknown}
 l - 2 scrolls of teleportation {unknown}
 n - a scroll of identify {unknown}
Potions
 d - a potion of might
 k - a potion of curing {unknown}
 p - a potion of brilliance {unknown}


   Skills:
 + Level 5.4 Fighting
 + Level 4.6(5.3) Axes
 + Level 3.7(4.8) Maces & Flails
 - Level 3.6 Armour
 + Level 5.4 Shields
 + Level 3.1 Invocations


You had 6 spell levels left.
You didn't know any spells.
Your spell library contained the following spells:

 Spells                   Type           Power      Damage    Failure   Level
 Ensorcelled Hibernation  Hex/Ice        0%         N/A       95%         2
 Sublimation of Blood     Necr           0%         N/A       95%         2
 Wereblood                Tmut           0%         N/A       95%         2
 Gell's Gravitas          Tloc           0%         N/A       99%         3
 Portal Projectile        Hex/Tloc       0%         N/A       99%         3
 Spider Form              Tmut/Pois      0%         N/A       99%         3
 Teleport Other           Tloc           0%         N/A       99%         3
 Anguish                  Hex/Necr       0%         N/A       100%        4
 Blade Hands              Tmut           0%         N/A       100%        5
 Excruciating Wounds      Necr           0%         N/A       100%        5
 Dispersal                Tloc           0%         N/A       100%        6
 Summon Hydra             Summ           0%         N/A       100%        7


Dungeon Overview and Level Annotations

Branches:
Dungeon (5/15)
 Temple: D:4-7

Altars:
Wu Jian

Annotations:
D:4 Sigmund


Innate Abilities, Weirdness & Mutations

You have a pair of horns on your head.
You reflexively headbutt those who attack you in melee.


Message History

The yak bellows!
You slash the yak!
The yak is almost dead.
The yak gores you.
A yak comes into view.
The yak bellows!
You hit the yak.
You kill the yak!
Your Invocations skill increases to level 3!
You have reached level 7!
You slash the yak! You headbutt the yak!
The yak is severely wounded.
The yak gores you!
You barely miss the yak. You headbutt the yak.
The yak is severely wounded.
The yak gores you!
* * * LOW HITPOINT WARNING * * *
The yak gores you.
* * * LOW HITPOINT WARNING * * *
There is a stone staircase leading down here.
You can't go up here!
You block the yak's attack.
You climb downwards.
Found an onyx ring.
There is a stone staircase leading up here.
You barely miss the yak. You headbutt the yak, but do no damage.
The yak is heavily wounded.
The yak gores you!
* * * LOW HITPOINT WARNING * * *
You barely miss the yak.
The yak is heavily wounded.
The yak gores you but does no damage.
It was a potion of flight.
You feel very buoyant.
You fly up into the air.
The yak gores you.
* * * LOW HITPOINT WARNING * * *
You hit the yak but do no damage. You headbutt the yak.
The yak is severely wounded.
The yak gores you!
You die...

#.=...+
#.....
+.....
#....#
#....#
#....+
#...Y#
#..@.#
#....#
#....#
#....#
######


You could see a yak.

Vanquished Creatures
  2 yaks (D:4)
  A scorpion (D:4)
  Crazy Yiuf (D:2)
  A centaur skeleton (D:4)
  Ijyb (D:3)
  2 hound skeletons (D:4)
  2 adders (D:3)
  2 ufetubi
  An adder skeleton (D:4)
  2 worms
  2 dart slugs
  3 bats
  11 endoplasms
  2 giant cockroaches (D:1)
  3 goblins (D:2)
  6 hobgoblins
  3 jackals (D:3)
  4 kobolds
  3 quokkas
  9 ball pythons
  A frilled lizard (D:1)
  5 rats
67 creatures vanquished.

Notes
Turn   | Place    | Note
-------+----------+-------------------------------------------
     0 | D:1      | AmazingTV the Minotaur Fighter began the quest for the Orb.
     0 | D:1      | Reached XP level 1. HP: 19/19 MP: 0/0
    24 | D:1      | Found a faded altar of an unknown god.
   409 | D:1      | Reached XP level 2. HP: 22/27 MP: 1/1
   581 | D:1      | Reached skill level 1 in Maces & Flails
  1179 | D:2      | Reached skill level 1 in Invocations
  1182 | D:2      | Reached XP level 3. HP: 26/33 MP: 2/2
  1268 | D:2      | You fall into a shaft and drop 2 floors!
  1345 | D:4      | Noticed a scorpion
  1365 | D:4      | Reached XP level 4. HP: 36/40 MP: 2/4
  1514 | D:2      | Found a runed translucent door.
  1515 | D:2      | Noticed Crazy Yiuf
  1655 | D:2      | Found an ornate altar of the Wu Jian Council.
  2029 | D:2      | Killed Crazy Yiuf
  2358 | D:3      | Noticed Ijyb
  2362 | D:3      | Paralysed by Ijyb for 5 turns
  2373 | D:3      | Paralysed by Ijyb for 7 turns
  2385 | D:3      | Paralysed by Ijyb for 6 turns
  2394 | D:3      | Killed Ijyb
  2395 | D:3      | Reached XP level 5. HP: 27/47 MP: 5/5
  2895 | D:4      | Noticed Sigmund
  3067 | D:4      | Reached XP level 6. HP: 55/55 MP: 6/6
  3087 | D:4      | Noticed a yak
  3087 | D:4      | Noticed a yak
  3094 | D:4      | Killed a yak
  3095 | D:4      | Reached skill level 5 in Fighting
  3095 | D:4      | Reached skill level 5 in Shields
  3097 | D:4      | Noticed a yak
  3098 | D:4      | Noticed a yak
  3099 | D:4      | Noticed a yak
  3100 | D:4      | Noticed a yak
  3101 | D:4      | Killed a yak
  3102 | D:4      | Reached XP level 7. HP: 36/61 MP: 6/8
  3121 | D:5      | Entered Level 5 of the Dungeon
  3125 | D:5      | Slain by a yak

Illustrated notes

Levels and vault maps discovered:
D:1:      dpeg_arrival_rhombus, layout_basic, ebering_ecumenical_altar_webs,
          hex_tiny, serial_park_tiny_2, lemuel_old_faithful
D:2:      layout_loops_cross, basic_altar, uniq_crazy_yiuf_cottage
D:3:      layout_rooms, uniq_ijyb
D:4:      layout_loops_ring, minmay_temple_entry_ruins, minmay_misc_feat_x,
          uniq_sigmund
D:5:      layout_gridville, nicolae_overflow_hidden_temple,
          mainiacjoe_overflow_big_doors, minmay_misc_feat_room,
          amcnicky_mini_corridor_feature, uniq_duvessa

Skill      XL: |  1  2  3  4  5  6 |
---------------+-------------------+-----
Maces & Flails | 1 2 3 |  3.7
Invocations    | 1 2 3 |  3.1
Shields        | 4 5 |  5.4
Fighting       | 4 5 |  5.4
Axes           | 3 4 |  4.6
Armour         | |  3.6

Action                   |  1- 3 |  4- 6 |  7- 9 || total
-------------------------+-------+-------+-------++-------
Melee: War axe           |    73 |    84 |     5 ||   162
       Headbutt          |     6 |    15 |     4 ||    25
Throw: Throwing net      |       |     1 |       ||     1
  Use: Potion            |       |       |     1 ||     1
Armor: Scale mail        |    37 |    53 |     1 ||    91
Dodge: Dodged            |    38 |    41 |       ||    79
Block: Buckler           |    25 |    11 |     1 ||    37
